 Dungeon Crawl Stone Soup version 0.28-b1-25-g9875b3fc8c (webtiles) character file.

Game seed: 8593060930678151512

11867 sanka the Cleaver (level 11, -7/93 HPs)
             Began as a Palentonga Artificer on Feb 5, 2022.
             Was a High Priest of Okawaru.
             Mangled by a white ugly thing (25 damage)
             ... on level 9 of the Dungeon.
             The game lasted 00:30:49 (18721 turns).

sanka the Cleaver (Palentonga Artificer)           Turns: 18721, Time: 00:30:49

Health: -7/93      AC: 26    Str: 19    XL:     11   Next: 55%
Magic:  14/14      EV:  4    Int: 12    God:    Okawaru [*****.]
Gold:   1447       SH:  0    Dex: 11    Spells: 10/10 levels left

rFire   . . .      SeeInvis +   a - +0 broad axe
rCold   . . .      Faith    +   (no shield)
rNeg    + . .      Spirit   .   M - +3 plate armour
rPois   .          Reflect  .   G - +2 helmet
rElec   .          Harm     .   q - +0 cloak
rCorr   .          Rampage  .   h - +0 pair of gloves
Will    .....                   (no barding)
Stlth   ..........              d - amulet of faith
HPRegen 0.25/turn               l - ring of positive energy
MPRegen 0.14/turn               (no ring)

@: lethally poisoned (-7 -> -10), curled up
A: large, rugged brown scales 3, see invisible, deformed body, roll 1, armoured
tail, reflexive curl
a: Rolling Charge, Renounce Religion, Heroism, Finesse, Duel


You were on level 9 of the Dungeon.
You worshipped Okawaru.
Okawaru was extremely pleased with you.
You visited 2 branches of the dungeon, and saw 11 of its levels.
You also visited: Bailey.

You collected 1447 gold pieces.

Inventory:

Hand Weapons
 a - a +0 broad axe (weapon)
 b - a +0 war axe
 J - a +0 dire flail
Missiles
 f - 6 silver javelins (quivered)
Armour
 c - a +2 robe of the Archmagi
 h - a +0 pair of gloves (worn)
 q - a +0 cloak (worn)
 G - a +2 helmet (worn)
 M - a +3 plate armour (worn)
Jewellery
 d - an amulet of faith (around neck)
 l - a ring of positive energy (left hand)
 H - a ring of magical power
Wands
 u - a wand of iceblast (8)
 F - a wand of polymorph (7)
 I - a wand of flame (8)
 O - a wand of paralysis (3)
Scrolls
 j - a scroll of magic mapping
 m - 5 scrolls of vulnerability
 o - a scroll of enchant weapon {unknown}
 p - 4 scrolls of fear
 s - 3 scrolls of blinking
 t - 2 scrolls of fog
 y - 2 scrolls of amnesia
 A - 2 scrolls of holy word
 C - a scroll of enchant armour {unknown}
 E - a scroll of noise {unknown}
 L - 6 scrolls of teleportation
 N - 7 scrolls of identify
Potions
 g - 2 potions of curing
 i - 4 potions of cancellation
 k - a potion of attraction
 n - 3 potions of heal wounds
 r - 4 potions of haste
 w - 2 potions of brilliance {unknown}
 x - 2 potions of degeneration {unknown}
 z - 2 potions of might {unknown}
 B - a potion of magic {unknown}
 D - 6 potions of flight
 K - a potion of resistance {unknown}
 P - 2 potions of lignification {unknown}
 Q - a potion of mutation {unknown}
Miscellaneous
 e - a piece from Xom's chessboard (15/15)


   Skills:
 - Level 8.6 Fighting
 - Level 13.0 Axes
 - Level 6.6 Armour
 - Level 2.6 Dodging
 - Level 0.5 Stealth
 + Level 5.0 Invocations
 - Level 4.0 Evocations


You had 10 spell levels left.
You didn't know any spells.
Your spell library contained the following spells:

 Spells                   Type           Power      Damage    Failure   Level
 Magic Dart               Conj           0%         1d3       100%        1
 Sublimation of Blood     Necr           0%         N/A       100%        2
 Mephitic Cloud           Conj/Pois/Air  0%         N/A       100%        3
 Portal Projectile        Hex/Tloc       0%         N/A       100%        3
 Leda's Liquefaction      Hex/Erth       0%         N/A       100%        4
 Petrify                  Tmut/Erth      0%         N/A       100%        4
 Irradiate                Conj/Tmut      0%         3d13      100%        5
 Call Imp                 Summ           Unusable   N/A       N/A         2
 Call Canine Familiar     Summ           Unusable   N/A       N/A         3

Dungeon Overview and Level Annotations

Branches:
Dungeon (10/15)            Temple (1/1) D:6            Lair (0/6) D:9
    Orc (0/2) D:9          Bailey (visited)

Altars:
Ashenzari
Cheibriados
Dithmenos
Elyvilon
Fedhas
Gozag
Hepliaklqana
Kikubaaqudgha
Makhleb
Okawaru
Qazlal
Ru
Sif Muna
Trog
Uskayaw
Vehumet
Wu Jian
Xom
Zin
The Shining One
Beogh

Annotations:
D:4 Menkaure
D:8 exclusion: door, Pikel


Innate Abilities, Weirdness & Mutations

You are completely covered in rugged brown scales. (AC +3, +7% HP)
You have supernaturally acute eyesight. (SInv)
Armour fits poorly on your strangely shaped body.
You can roll at nearby foes to attack.
You have a long armoured tail.
You curl defensively after being hit. (AC +7*)


Message History

The killer bee stings you but does no damage.
You feel sick.
The killer bee stings you but does no damage.
You feel sick.
The killer bee stings you but does no damage.
You feel sick.
You are no longer poisoned.
The killer bee stings you but does no damage.
The killer bee barely misses you. The killer bee stings you.
* * * LOW HITPOINT WARNING * * *
The killer bee stings you but does no damage.
The killer bee stings you but does no damage.
The killer bee stings you.
* * * LOW HITPOINT WARNING * * *
The killer bee barely misses you.
The killer bee buzzes angrily.
The killer bee stings you.
* * * LOW HITPOINT WARNING * * *
You are poisoned.
The killer bee poisons you!
You feel sick.
The killer bee stings you but does no damage.
You miss the killer bee. You slash the killer bee!
You feel sick.
The killer bee stings you but does no damage.
The killer bee barely misses you. The killer bee stings you.
* * * LOW HITPOINT WARNING * * *
Unknown command.
You feel much better.
You feel sick.
The killer bee stings you but does no damage. x2
The killer bee stings you.
Unknown command.
Unknown command.
Okay, then.
You feel sick.
The killer bee stings you but does no damage.
The white ugly thing claws you!
* * * LOW HITPOINT WARNING * * *
The white ugly thing freezes you!!
You die...

#.#.#.#.#.#.## #.# #.#.##.##
.###.#.#.###.# ##.##### #.#.##.#
#.#.#.#.#.#.####...... ..#†##.##
##.###.#.#.####.....## ###)##..#
#.#.#.#.#.#.##.......######......
.###u###.#.#)#........#....).....
#.#.#.#u#.#u##........'..........
##.###.###)#K#.uyy<...##.........
### ### ####...@....###.........
#.# ###.....## #...._.... #.#
##...## #......... #.# ##'##
#......... #.## #.# #.........
#..#########.# #.........
##.##........## ##.####.##.
#.##.#####...####..####....
#.##.# #.....#.........###


You could see a white ugly thing, a kobold brigand and 2 killer bees.

Vanquished Creatures
  3 two-headed ogres (D:9)
  An orc knight (Bailey)
  Maurice (D:10)
  A kobold demonologist (D:9)
  3 hornets
  A wraith (D:8)
  A wyvern (D:9)
  6 yaks
  A vampire (D:10)
  Eustachio (D:5)
  Grum (D:10)
  2 steam dragons (D:9)
  4 vampire mosquitoes (D:10)
  2 water moccasins
  A sky beast (D:8)
  16 orc warriors
  3 necrophages
  4 centaurs
  2 ogres
  2 phantoms
  3 wolves (D:9)
  4 lemures (D:8)
  5 kobold brigands
  3 bullfrogs
  4 scorpions
  20 killer bees
  3 wights (D:8)
  2 howler monkeys
  3 jellies
  3 bullfrog zombies
  3 centaur zombies (D:9)
  2 hounds
  5 orc priests
  A centaur skeleton (D:6)
  A gnoll shaman (D:5)
  2 iguanas
  19 orc wizards
  A killer bee zombie (D:6)
  A howler monkey zombie (D:9)
  5 gnolls
  3 howler monkey skeletons
  5 adders
  A shadow imp (D:7)
  2 ufetubi
  An adder skeleton (D:4)
  2 worms
  3 dart slugs
  37 orcs
  4 endoplasms
  8 goblins
  6 hobgoblins
  4 jackals (D:2)
  2 quokkas
  2 ball pythons
  4 bats
  5 frilled lizards
  31 kobolds
  4 rats
270 creatures vanquished.

Vanquished Creatures (others)
  5 dream sheep (D:9)
5 creatures vanquished.

Grand Total: 275 creatures vanquished

Notes
Turn   | Place    | Note
-------+----------+-------------------------------------------
     0 | D:1      | sanka the Palentonga Artificer began the quest for the Orb.
     0 | D:1      | Reached XP level 1. HP: 16/16 MP: 1/1
   506 | D:1      | Reached XP level 2. HP: 22/22 MP: 2/2
   604 | D:1      | Found a faded altar of an unknown god.
  1489 | D:2      | Reached XP level 3. HP: 13/27 MP: 3/3
  2709 | D:3      | Reached XP level 4. HP: 36/36 MP: 4/4
  3643 | D:4      | Reached XP level 5. HP: 37/43 MP: 5/5
  4092 | D:4      | Noticed a necrophage
  4106 | D:4      | Killed a necrophage
  4107 | D:4      | Reached skill level 5 in Fighting
  4107 | D:4      | Reached XP level 6. HP: 47/54 MP: 6/6
  4331 | D:4      | Noticed Eustachio
  4370 | D:5      | Entered Level 5 of the Dungeon
  4956 | D:5      | Killed Eustachio
  4957 | D:5      | Reached skill level 3 in Axes
  5213 | D:4      | Noticed Menkaure
  5839 | D:5      | Reached skill level 4 in Axes
  5839 | D:5      | Gained mutation: You curl defensively after being hit. (AC
                  | +7*) [Palentonga growth]
  5839 | D:5      | Reached XP level 7. HP: 28/59 MP: 7/7
  6331 | D:5      | Reached skill level 5 in Axes
  6897 | D:5      | Reached skill level 6 in Axes
  8041 | D:6      | Reached XP level 8. HP: 64/66 MP: 8/8
  8053 | D:6      | Reached skill level 7 in Axes
  8133 | D:6      | Found an ornate altar of the Wu Jian Council.
  8652 | D:6      | Found a staircase to the Ecumenical Temple.
  8692 | Temple   | Entered the Ecumenical Temple
  8911 | Temple   | Became a worshipper of Warmaster Okawaru
  8933 | D:6      | Found a hazy altar of Hepliaklqana.
  8968 | D:6      | Reached skill level 8 in Axes
  9704 | D:7      | Reached skill level 9 in Axes
  9883 | D:7      | Found a shadowy altar of Dithmenos.
 10253 | D:7      | Reached * piety under Okawaru
 10434 | D:6      | Reached skill level 10 in Axes
 10497 | D:7      | Reached XP level 9. HP: 58/72 MP: 9/9
 10850 | D:7      | Found a broken altar of Ashenzari.
 11158 | D:8      | Found a shimmering blue altar of Sif Muna.
 11391 | D:8      | Noticed Pikel
 12363 | D:8      | Reached ** piety under Okawaru
 13064 | D:8      | Reached XP level 10. HP: 51/84 MP: 11/13
 13888 | D:9      | Noticed a two-headed ogre
 13893 | D:9      | Noticed a two-headed ogre
 13906 | D:8      | Reached skill level 5 in Armour
 14346 | D:9      | Identified the +6 dagger of Articulation {vorpal, Str+5
                  | Dex+2}
 14752 | D:10     | Entered Level 10 of the Dungeon
 14752 | D:10     | Noticed Grum
 14896 | D:10     | Killed Grum
 14987 | D:10     | Noticed Maurice
 14993 | D:10     | Killed Maurice
 15210 | D:10     | Found a stormy altar of Qazlal.
 15224 | D:10     | Reached *** piety under Okawaru
 15225 | D:10     | Reached skill level 11 in Axes
 15228 | D:10     | Reached skill level 1 in Dodging
 15241 | D:10     | Found a flagged portal.
 15308 | Bailey   | Entered a bailey
 15401 | Bailey   | Noticed an orc knight
 15611 | Bailey   | Killed an orc knight
 15611 | Bailey   | Reached **** piety under Okawaru
 16320 | D:10     | Reached XP level 11. HP: 91/93 MP: 11/14
 16451 | D:9      | Killed a two-headed ogre
 16708 | D:9      | Found a staircase to the Lair.
 16795 | D:9      | Killed a two-headed ogre
 16795 | D:9      | Reached ***** piety under Okawaru
 16996 | D:9      | Noticed a sun demon
 17000 | D:9      | Reached skill level 12 in Axes
 17256 | D:9      | Noticed a two-headed ogre
 17273 | D:9      | Killed a two-headed ogre
 17273 | D:9      | Received a gift from Okawaru
 17766 | D:9      | Found a staircase to the Orcish Mines.
 18155 | D:9      | Found a shimmering altar of Xom.
 18191 | D:9      | Reached skill level 13 in Axes
 18683 | D:9      | Reached skill level 5 in Invocations
 18691 | D:9      | Noticed a white ugly thing
 18721 | D:9      | Mangled by a white ugly thing

Illustrated notes

Levels and vault maps discovered:
D:1:      minmay_arrival_shoal_huts, layout_loops_cross,
          ebering_ecumenical_altar_webs
D:2:      layout_loops_cross
D:3:      layout_rooms
D:4:      layout_basic, serial_rivers, chequers_serial_rivers_micro_a,
          chequers_serial_rivers_micro_b, chequers_serial_rivers_small_3,
          chequers_serial_rivers_marsh, chequers_serial_rivers_small_b,
          uniq_eustachio, uniq_menkaure
D:5:      layout_basic, amcnicky_mini_corridor_feature
D:6:      layout_rooms, lemuel_crystal_altar, nicolae_hepliaklqana_hazy_memory,
          minmay_temple_entry_mist, kennysheep_another_room,
          serial_park_tiny_pond
D:7:      layout_gridville, mainiacjoe_overflow_concentric_impassable,
          mainiacjoe_overflow_alcove_1
D:8:      layout_loops_corners, led_sif_book, grunt_potential, uniq_pikel
D:9:      minmay_imperfect_grid, layout_loops_corners,
          nemelex_diamond_rough_becter, kb_xom_exploding_sheep,
          minmay_orc_entry_temple_small
D:10:     layout_irregular_city, mainiacjoe_overflow_cross_hatched,
          yredelemnul_forgotten_temple_becter, enter_bailey_6,
          lightli_orcish_oven, uniq_maurice, uniq_nergalle, uniq_grum
Temple:   nicolae_temple_figure_eight

Skill      XL: |  1  2  3  4  5  6  7  8  9 10 11 |
---------------+----------------------------------+-----
Evocations     | 3 4 |  4.0
Fighting       | 2 3 5 7 8 |  8.6
Axes           | 4 6 10 11 13 | 13.0
Armour         | 4 6 |  6.6
Invocations    | 4 5 |  5.0
Dodging        | 2 |  2.6
Stealth        | |  0.5

Action                   |  1- 3 |  4- 6 |  7- 9 | 10-12 || total
-------------------------+-------+-------+-------+-------++-------
Melee: Club              |   130 |       |       |       ||   130
       Tailslap          |    10 |    21 |    67 |    59 ||   157
       Punch             |     1 |     2 |    10 |    11 ||    24
       Mace              |     1 |    40 |       |       ||    41
       Short sword       |       |   118 |    22 |       ||   140
       War axe           |       |    10 |   395 |   219 ||   624
       Broad axe         |       |       |       |   186 ||   186
Throw: Dart              |       |       |     1 |       ||     1
Invok: Heroism           |       |       |     8 |    27 ||    35
 Abil: Rolling Charge    |     5 |     5 |     5 |     5 ||    20
Evoke: Wand              |     6 |     9 |    11 |    20 ||    46
       Piece from Xom's  |       |       |     6 |       ||     6
  Use: Scroll            |       |     8 |     3 |     3 ||    14
       Potion            |       |       |       |     2 ||     2
 Stab: Sleeping          |     1 |       |     1 |       ||     2
Armor: Leather armour    |    77 |    98 |    88 |       ||   263
       Plate armour      |       |       |   143 |   331 ||   474
Dodge: Dodged            |    69 |   136 |   128 |   102 ||   435
